 Dungeon Crawl Stone Soup version 0.30-a0-341-g682706514a (webtiles) character file.

Game seed: 13798896209023454805

980 experimilk the Destroyer (level 7, -3/50 HPs)
             Began as a Red Draconian Conjurer on Nov 5, 2022.
             Slain by an ice beast (14 damage)
             ... on level 5 of the Dungeon.
             The game lasted 00:13:17 (7180 turns).

experimilk the Destroyer (Red Draconian Conjurer)   Turns: 7180, Time: 00:13:18

Health: -3/50      AC:  8    Str: 10      XL:     7   Next: 96%
Magic:  1/10       EV: 11    Int: 20      God:
Gold:   140        SH:  0    Dex:  7 (9)  Spells: 0/10 levels left

rFire   + . .      SeeInvis .    c - +0 short sword
rCold   . . .      Faith    .    (no shield)
rNeg    . . .      Spirit   .    (body armour unavailable)
rPois   .          Reflect  .    (helmet restricted)
rElec   .          Harm     .    (no cloak)
rCorr   .          Rampage  .    (no gloves)
Will    .....                    f - +1 pair of boots
Stlth   ++........               (no amulet)
HPRegen 0.28/turn                (no ring)
MPRegen 0.12/turn                (no ring)

@: slowed, studying Stealth, very slow
A: breathe fire, AC +6, unfitting armour, fire resistance 1, cold-blooded
a: Breathe Fire


You were on level 5 of the Dungeon.
You visited 1 branch of the dungeon, and saw 5 of its levels.

You collected 230 gold pieces.
You spent 90 gold pieces at shops.

Inventory:

Hand Weapons
 c - a +0 short sword (weapon)
Armour
 f - a +1 pair of boots (worn)
Jewellery
 o - a +4 ring of protection
Scrolls
 b - a scroll of amnesia
 d - 2 scrolls of immolation
 g - 4 scrolls of vulnerability
 k - a scroll of blinking
 m - a scroll of fear {unknown}
 r - a scroll of silence {unknown}
Potions
 a - a potion of brilliance {unknown}
 e - a potion of haste
 h - 2 potions of curing
 i - 3 potions of heal wounds
 j - 2 potions of berserk rage {unknown}
 l - a potion of cancellation {unknown}
 n - a potion of mutation {unknown}
 p - a potion of magic


   Skills:
 - Level 1.7 Dodging
 + Level 3.3 Stealth
 + Level 2.2 Spellcasting
 * Level 9.7 Conjurations
 + Level 0.7 Translocations


You couldn't memorise any spells.
You knew the following spells:

 Your Spells              Type           Power      Damage    Failure   Level
a - Teleport Other        Tloc           5%         N/A       34%         3
b - Magic Dart            Conj           100%       1d8       1%          1
x - Iskenderun's Mystic   Conj/Tloc      23%        2d6       19%         4
z - Searing Ray           Conj           82%        2d7       1%          2

Your spell library contained the following spells:

 Spells                   Type           Power      Damage    Failure   Level
 Dazzling Flash           Conj/Hex       42%        N/A       6%          3
 Hailstorm                Conj/Ice       21%        3d6       6%          3
 Freeze                   Ice            8%         1d3       16%         1
 Fulminant Prism          Conj/Hex       10%        3d9       21%         4
 Gell's Gravitas          Tloc           5%         N/A       34%         3
 Frozen Ramparts          Ice            4%         1d1       43%         3
 Dispersal                Tloc           2%         N/A       100%        6


Dungeon Overview and Level Annotations

Branches:
Dungeon (5/15)
 Temple: D:4-7

Altars:
Qazlal

Shops:
D:3 (   D:4 !


Innate Abilities, Weirdness & Mutations

You can breathe blasts of fire.
Your fiery red scales are hard. (AC +6)
You cannot fit into any form of body armour.
Your flesh is heat resistant. (rF+)
You are cold-blooded and may be slowed by cold attacks.


Message History

The searing ray hits the ice beast but does no damage.
The ice beast is moderately wounded.
You finish channelling your searing ray.
The ice beast hits you but does no damage.
Casting: Searing Ray (safe; 1% risk of failure)
Confirm with . or Enter, or press ? or * to list all spells.
The spell is quite dangerous to miscast (34% risk of failure)!
Continue anyway?
Okay, then.
Casting: Teleport Other (quite dangerous; 34% risk of failure)
Confirm with . or Enter, or press ? or * to list all spells.
Aiming: Searing Ray (safe; 1% risk of failure)
Press: ? - help, Shift-Dir - straight line, f/p - ice beast
Aim: an ice beast (moderately wounded, 82% to hit)
The searing ray hits the ice beast but does no damage.
The ice beast is moderately wounded. (Press . to maintain the ray.)
The ice beast hits you but does no damage.
The searing ray hits the ice beast!
The ice beast is severely wounded.
The ice beast hits you. The ice beast freezes you.
You feel yourself slow down.
The searing ray hits the ice beast.
The ice beast is almost dead.
The ice beast completely misses you.
The searing ray hits the ice beast.
The ice beast is almost dead.
You finish channelling your searing ray.
You feel yourself speed up. The ice beast hits you. The ice beast freezes you!
You feel yourself slow down. The ice beast closely misses you.
The ice beast hits you. The ice beast freezes you!
* * * LOW HITPOINT WARNING * * *
Aiming: Breathe Fire (5% risk of failure)
Press: ? - help, Shift-Dir - straight line, f/p - ice beast
Aim: an ice beast (almost dead, 68% to hit)
You fail to use your ability.
You feel yourself speed up. The ice beast hits you.
* * * LOW HITPOINT WARNING * * *
The ice beast freezes you!
You feel yourself slow down.
You die...

#.#.# #.#.# #.#.#
###.#.####
######........##
................ #
######........##
#.###..[.#........#
#.Y@'.............#
########....#........#
.......'.......##.#####
###.####....##.##.##...
#....##.##.##...
#....##....##...
#....####..##... ######
#..##... #..##...


You could see an ice beast.

Vanquished Creatures
  A water moccasin (D:5)
  An ogre (D:4)
  A black bear (D:4)
  A kobold brigand (D:4)
  A phantom (D:4)
  3 scorpions
  3 quasits (D:4)
  A hound (D:4)
  A jelly (D:5)
  An orc wizard (D:3)
  4 gnolls (D:2)
  3 adders
  3 shadow imps (D:4)
  A white imp (D:4)
  3 ufetubi (D:4)
  2 dart slugs
  2 orcs (D:3)
  A bat (D:3)
  5 endoplasms
  4 giant cockroaches
  8 goblins
  12 hobgoblins
  8 jackals
  2 quokkas
  8 ball pythons
  2 frilled lizards
  10 kobolds
  4 rats
96 creatures vanquished.

Vanquished Creatures (others)
  3 demonic plants (D:4)
3 creatures vanquished.

Grand Total: 99 creatures vanquished

Notes
Turn   | Place    | Note
-------+----------+-------------------------------------------
     0 | D:1      | experimilk the Draconian Conjurer began the quest for the
                  | Orb.
     0 | D:1      | Reached XP level 1. HP: 14/14 MP: 3/3
   148 | D:1      | Reached XP level 2. HP: 16/20 MP: 0/5
   299 | D:1      | Learned a level 2 spell: Searing Ray
  1176 | D:1      | Reached skill level 5 in Conjurations
  1395 | D:2      | Reached XP level 3. HP: 26/26 MP: 0/6
  1469 | D:2      | Found a stormy altar of Qazlal.
  1806 | D:2      | Found a faded altar of an unknown god.
  2377 | D:2      | Reached XP level 4. HP: 33/33 MP: 2/7
  2382 | D:2      | Learned a level 4 spell: Iskenderun's Mystic Blast
  2852 | D:3      | Reached skill level 6 in Conjurations
  3540 | D:3      | Reached XP level 5. HP: 38/38 MP: 3/8
  3881 | D:3      | Found Reiled's Antique Weapon Emporium.
  4329 | D:4      | Noticed a black bear
  4565 | D:4      | Noticed an ogre
  4753 | D:4      | Noticed an ogre
  4753 | D:4      | Noticed a phantom
  4963 | D:4      | Reached skill level 7 in Conjurations
  5187 | D:4      | Lost dexterity.
  5191 | D:4      | Reached XP level 6. HP: 23/45 MP: 7/9
  5885 | D:4      | Reached skill level 8 in Conjurations
  5894 | D:4      | Your scales start taking on a fiery red colour.
  5894 | D:4      | Reached XP level 7. HP: 18/50 MP: 2/10
  5894 | D:4      | Gained mutation: Your flesh is heat resistant. (rF+) [Red
                  | Draconian growth]
  6400 | D:4      | Reached skill level 9 in Conjurations
  6493 | D:4      | Found Ecief's Distillery.
  6502 | D:4      | Bought a potion of degeneration for 10 gold pieces
  6502 | D:4      | Bought a potion of magic for 80 gold pieces
  6799 | D:5      | Entered Level 5 of the Dungeon
  7050 | D:5      | Learned a level 3 spell: Teleport Other
  7180 | D:5      | Slain by an ice beast

Illustrated notes

Levels and vault maps discovered:
D:1:      nzn_arrival_water_spiral, layout_basic,
          chequers_serial_rivers_small_3, hangedman_feature_mirror
D:2:      layout_basic, basic_altar, hellmonk_ecumenical_altar_blasted,
          kennysheep_big_empty_room
D:3:      layout_basic, serial_shops, nicolae_shop_overgrown_old_shop,
          minmay_starry_boxes
D:4:      layout_loops_cross, serial_demonic, serial_demonic_e,
          serial_demonic_c, serial_demonic_a, serial_demonic_c, serial_shops,
          shop
D:5:      layout_basic

Skill      XL: |  1  2  3  4  5  6  7 |
---------------+----------------------+-----
Conjurations   | 5 6 7 8 9 |  9.7
Stealth        | 3 |  3.3
Dodging        | |  1.7
Spellcasting   | |  2.2
Translocations | |  0.7

Action                   |  1- 3 |  4- 6 |  7- 9 || total
-------------------------+-------+-------+-------++-------
Melee: Unarmed           |    24 |       |       ||    24
       Short sword       |    16 |    28 |       ||    44
       Tailslap          |     8 |     1 |       ||     9
       Punch             |       |     1 |       ||     1
 Cast: Magic Dart        |    56 |    51 |    16 ||   123
       Searing Ray       |     8 |    27 |    10 ||    45
  Use: Scroll            |     3 |     3 |     4 ||    10
       Potion            |       |     5 |       ||     5
Armor: Skin              |    15 |    62 |    10 ||    87
Dodge: Dodged            |    22 |    73 |     5 ||   100

Table legend: (Time is in decaauts)
 A = Elapsed time spent in this place.
 B = Non-inter-level travel time spent in this place.
 C = Inter-level travel time spent in this place.
 D = Time resting spent in this place.
 E = Time spent auto-exploring this place.
 F = Levels seen in this place.
 G = Mean time per level.
                   A        B        C        D        E       F      G
               +--------+--------+--------+--------+--------+-----+--------+
         Total |   7342 |   7031 |    311 |   3237 |   2947 |   5 | 1468.4 |
       Dungeon |   7342 |   7031 |    311 |   3237 |   2947 |   5 | 1468.4 |
               +--------+--------+--------+--------+--------+-----+--------+

Top non-repeatable levels by time:
     D:3: 2081 daAuts
     D:4: 2078 daAuts
     D:1: 1430 daAuts
     D:2: 1370 daAuts
     D:5: 382 daAuts
